 Dungeon Crawl Stone Soup version 0.28.0-43-g3370ac3207 (webtiles) character file.

Game seed: 18214209343371152258

1272 croobank the Chopper (level 8, 0/71 HPs)
             Began as a Hill Orc Fighter on Mar 28, 2022.
             Was a Follower of Beogh.
             Slain by a boulder beetle (20 damage)
             ... on level 7 of the Dungeon.
             The game lasted 00:14:49 (5482 turns).

croobank the Chopper (Hill Orc Fighter)             Turns: 5482, Time: 00:14:50

Health: 0/71       AC: 13    Str: 21    XL:     8   Next: 53%
Magic:  10/10      EV: 14    Int:  8    God:    Beogh [*.....]
Gold:   166        SH:  5    Dex: 13    Spells: 7/7 levels left

rFire   . . .      SeeInvis .   a - +0 war axe
rCold   . . .      Faith    .   c - +0 buckler
rNeg    . . .      Spirit   .   b - +0 scale mail
rPois   .          Reflect  .   m - +1 helmet
rElec   .          Harm     .   l - scarf {repulsion}
rCorr   .          Rampage  .   A - +2 pair of gloves {Dex+3}
Will    .....                   (no boots)
Stlth   ..........              (no amulet)
HPRegen 0.21/turn               i - +4 ring of evasion
MPRegen 0.12/turn               k - ring of flight

@: mighty, flying, repel missiles
A: no striking features
a: Renounce Religion


You were on level 7 of the Dungeon.
You worshipped Beogh.
Beogh was aware of your devotion.
You visited 1 branch of the dungeon, and saw 7 of its levels.
You also visited: Sewer.

You collected 323 gold pieces.
You spent 157 gold pieces at shops.

Inventory:

Hand Weapons
 a - a +0 war axe (weapon)
 n - a +2 hand axe of freezing
 v - a +0 shortbow
 C - a +0 long sword
 D - a +4 quarterstaff of chaos
Missiles
 f - 143 stones (quivered)
 h - 46 arrows
 r - 4 boomerangs
 w - 20 bolts
 G - 4 poisoned darts
Armour
 b - a +0 scale mail (worn)
 c - a +0 buckler (worn)
 l - a scarf of repulsion (worn)
 m - a +1 helmet (worn)
 u - a +0 chain mail
 A - a +2 pair of gloves of dexterity (worn)
 F - a +0 cloak
Jewellery
 i - a +4 ring of evasion (left hand)
 k - a ring of flight (right hand)
 y - an amulet of faith
Wands
 z - a wand of polymorph (13)
 E - a wand of iceblast (6)
Scrolls
 p - a scroll of summoning
 B - a scroll of fog
Potions
 d - a potion of might
 e - 2 potions of mutation
 g - 2 potions of curing
 j - 2 potions of berserk rage {unknown}
 o - 2 potions of resistance {unknown}
 q - a potion of degeneration {unknown}
 s - a potion of ambrosia {unknown}
 t - a potion of attraction {unknown}
 x - 2 potions of magic {unknown}


   Skills:
 + Level 6.7 Fighting
 + Level 6.7 Axes
 + Level 6.1 Armour
 + Level 1.7 Dodging
 + Level 6.0 Shields
 + Level 3.0 Invocations


You had 7 spell levels left.
You didn't know any spells.
Your spell library was empty.

Dungeon Overview and Level Annotations

Branches:
Dungeon (7/15)             Temple (0/1) D:6           Sewer (visited)

Altars:
Elyvilon

Shops:
D:5 [   D:6 =


Message History

The boulder beetle bites you!
You hit the boulder beetle but do no damage.
The boulder beetle bites you!
You slash the boulder beetle!
The boulder beetle is moderately wounded.
The boulder beetle leaps!
You slash the boulder beetle!
The boulder beetle is moderately wounded.
The boulder beetle bites you. You block the boulder beetle's attack.
You hit the boulder beetle but do no damage.
The boulder beetle is moderately wounded.
The boulder beetle bites you!
You hit the boulder beetle but do no damage.
The boulder beetle is moderately wounded.
The boulder beetle closely misses you.
You feel very mighty all of a sudden. You block the boulder beetle's attack.
You barely miss the boulder beetle.
The boulder beetle is moderately wounded.
The boulder beetle bites you but does no damage.
You hit the boulder beetle but do no damage.
The boulder beetle is moderately wounded.
The boulder beetle leaps!
The boulder beetle curls into a ball and begins rolling!
You hit the boulder beetle but do no damage.
The boulder beetle is moderately wounded.
The boulder beetle misses you.
The boulder beetle stops rolling and uncurls.
The boulder beetle closely misses you.
You slash the boulder beetle!
The boulder beetle is moderately wounded.
The boulder beetle leaps!
The boulder beetle curls into a ball and begins rolling!
The boulder beetle hits you!!
* * * LOW HITPOINT WARNING * * *
The boulder beetle stops rolling and uncurls.
You slash the boulder beetle!
The boulder beetle is moderately wounded.
The boulder beetle closely misses you. The boulder beetle bites you!!
You die...

.......<.#
.#######.#
#####.###
#..°....#
#.#.#.#.#
#.#.#.#
#.#.#.#
#.##....#
#....@..#
.......B###
####.#..#
#.....#
.......#
###.....#
#..#.##
#.##.


You could see a boulder beetle.

Vanquished Creatures
  A water moccasin (D:5)
  An ice beast (D:6)
  3 sky beasts (D:6)
  A necrophage (D:6)
  An ogre (D:5)
  A centaur (D:5)
  3 bullfrogs
  2 howler monkeys
  Crazy Yiuf (D:6)
  2 bullfrog skeletons
  A hound skeleton (D:5)
  Robin (D:2)
  2 adders
  A river rat (D:5)
  A white imp (D:6)
  2 worms
  3 dart slugs
  12 orcs
  6 ball pythons
  6 bats
  5 endoplasms
  14 giant cockroaches
  16 goblins
  11 hobgoblins
  9 jackals
  7 quokkas
  7 frilled lizards
  2 kobolds
  8 rats
130 creatures vanquished.

Vanquished Creatures (others)
  An orc (D:4)
  2 plants (D:6)
3 creatures vanquished.

Grand Total: 133 creatures vanquished

Notes
Turn   | Place    | Note
-------+----------+-------------------------------------------
     0 | D:1      | croobank the Hill Orc Fighter began the quest for the Orb.
     0 | D:1      | Reached XP level 1. HP: 19/19 MP: 1/1
    62 | D:1      | Reached XP level 2. HP: 26/27 MP: 2/2
   215 | D:1      | Found a faded altar of an unknown god.
   385 | D:1      | Reached XP level 3. HP: 26/33 MP: 3/3
  1233 | D:2      | Noticed Robin
  1237 | D:2      | Reached XP level 4. HP: 33/40 MP: 4/4
  1247 | D:2      | Killed Robin
  2559 | D:3      | Reached XP level 5. HP: 47/47 MP: 5/5
  2858 | D:4      | Became a worshipper of Beogh the Brigand
  2893 | D:5      | Entered Level 5 of the Dungeon
  2904 | D:5      | Noticed a water moccasin
  2910 | D:5      | Killed a water moccasin
  2911 | D:5      | Reached skill level 5 in Fighting
  2911 | D:5      | Reached XP level 6. HP: 51/56 MP: 6/6
  3036 | D:5      | Reached skill level 5 in Axes
  3054 | D:5      | Reached skill level 5 in Armour
  3070 | D:5      | Found a white marble altar of Elyvilon.
  3085 | D:5      | Reached skill level 5 in Shields
  3085 | D:5      | Reached XP level 7. HP: 58/61 MP: 7/7
  3215 | D:5      | Found a glowing drain.
  3220 | Sewer    | Entered a sewer
  3707 | Sewer    | Reached * piety under Beogh
  4161 | D:5      | Found Ifecw's Antique Armour Shoppe.
  4180 | D:5      | Bought a pair of runed gloves for 157 gold pieces
  4481 | D:6      | Reached skill level 1 in Invocations
  4623 | D:6      | Found a staircase to the Ecumenical Temple.
  4714 | D:6      | Reached skill level 1 in Dodging
  4714 | D:6      | Reached XP level 8. HP: 52/70 MP: 7/9
  4991 | D:6      | Found Fareemov's Jewellery Shop.
  5096 | D:6      | Found a runed translucent door.
  5097 | D:6      | Noticed Crazy Yiuf
  5110 | D:6      | Killed Crazy Yiuf
  5463 | D:7      | Noticed a boulder beetle
  5482 | D:7      | Slain by a boulder beetle

Illustrated notes

Levels and vault maps discovered:
D:1:      psy_arrival_conway, layout_loops_ring,
          hellmonk_ecumenical_altar_dog_temple
D:2:      layout_rooms, minmay_misc_feat_ornament, uniq_robin
D:3:      layout_loops_corners
D:4:      layout_basic
D:5:      layout_cave_pods, elyvilon_altar_5, gup_sewer_entry_bowl,
          minmay_shop_grid_forest
D:6:      layout_loops_ring, minmay_temple_entry_gardened_gates,
          minmay_shop_enchanted_jewellery, uniq_crazy_yiuf_cottage
D:7:      layout_loops_corners, uniq_pikel

Skill      XL: |  1  2  3  4  5  6  7  8 |
---------------+-------------------------+-----
Axes           | 3 4 5 6 |  6.7
Fighting       | 4 5 6 |  6.7
Armour         | 4 5 6 |  6.1
Shields        | 4 5 6 |  6.0
Invocations    | 1 3 |  3.0
Dodging        | 1 |  1.7

Action                   |  1- 3 |  4- 6 |  7- 9 || total
-------------------------+-------+-------+-------++-------
Melee: War axe           |   102 |   127 |   180 ||   409
Invok: Convert to Beogh  |       |     1 |       ||     1
  Use: Scroll            |       |     4 |     6 ||    10
       Potion            |       |     1 |     1 ||     2
Armor: Scale mail        |    46 |    50 |    71 ||   167
Dodge: Dodged            |    70 |   123 |   126 ||   319
       Repelled          |       |     1 |       ||     1
Block: Buckler           |    23 |    38 |    34 ||    95
